 Dungeon Crawl Stone Soup version 0.22-a0-409-gb855193 (webtiles) character file.

101 KristoblXynda the Slasher (level 4, -2/36 HPs)
             Began as a Draconian Gladiator on May 10, 2018.
             Slain by Crazy Yiuf
             ... wielding a +3 quarterstaff of chaos
              (13 damage)
             ... on level 2 of the Dungeon.
             The game lasted 00:03:51 (1581 turns).

KristoblXynda the Slasher (Draconian Gladiator)     Turns: 1581, Time: 00:03:52

Health: -2/36      AC:  5    Str: 17    XL:     4   Next: 48%
Magic:  4/4        EV: 13    Int:  9    God:
Gold:   76         SH:  0    Dex: 12    Spells: 3/3 levels left

rFire    . . .     SeeInvis .   a - +0 long sword
rCold    . . .     Gourm    .   (no shield)
rNeg     . . .     Faith    .   (armour unavailable)
rPois    .         Spirit   .   b - +0 hat
rElec    .         Reflect  .   (no cloak)
rCorr    .         Harm     .   (no gloves)
MR       .....                  (no boots)
Stlth    +.........             (no amulet)
HPRegen  0.12/turn              (no ring)
MPRegen  0.09/turn              (no ring)

@: no status effects
A: unfitting armour, cold-blooded, AC +5
a: no special abilities


You were on level 2 of the Dungeon.
You were hungry.

You visited 1 branch of the dungeon, and saw 2 of its levels.

You collected 76 gold pieces.

Inventory:

Hand Weapons
 a - a +0 long sword (weapon)
 k - a +1 falchion of holy wrath
Missiles
 c - 2 throwing nets (quivered)
Armour
 b - a +0 hat (worn)
Scrolls
 e - 2 scrolls of identify
 h - 2 scrolls of enchant armour {unknown}
 j - a scroll of teleportation {unknown}
Potions
 f - a potion of ambrosia
 g - a potion of invisibility
Comestibles
 d - 2 rations


   Skills:
 - Level 2.1 Fighting
 * Level 4.7 Long Blades
 - Level 2.0 Throwing
 + Level 3.3 Dodging


You had 3 spell levels left.
You didn't know any spells.

Dungeon Overview and Level Annotations

Branches:
Dungeon (2/15)

Altars:

Annotations:
D:2 Crazy Yiuf


Innate Abilities, Weirdness & Mutations

Your plain brown scales are hard. (AC +5)
You cannot fit into any form of body armour.
You are cold-blooded and may be slowed by cold attacks.


Message History

There is an open door here.
You slash Crazy Yiuf!
You tail-slap Crazy Yiuf, but do no damage.
Crazy Yiuf is heavily wounded.
Crazy Yiuf struggles against the net.
You strike the helpless Crazy Yiuf from behind!
You hit Crazy Yiuf.
Crazy Yiuf is severely wounded.
Crazy Yiuf struggles against the net. x2
The net rips apart, and Crazy Yiuf comes free!
You hit Crazy Yiuf.
You tail-slap Crazy Yiuf, but do no damage.
Crazy Yiuf is severely wounded.
Crazy Yiuf hits you with a quarterstaff of chaos!
You are electrocuted!
Ouch! That really hurt!
You hit Crazy Yiuf.
Crazy Yiuf is almost dead.
Crazy Yiuf hits you with a quarterstaff of chaos!
You die...

#..# ### #.####. #..#
##.###.# #. #####
#..# #.#....# ##
#>..# #### ####.### #
#.### ##.# # ##.##
##..# # ###...###♣♣
#### ##.#.#
....#....P♣♣ ♣♣#).)#
#.##.#
.........PP♣♣♣♣.@g).#
#.##.#
##>###......♣))♣#.).#
#)##.# #.#
##..P)♣.♣♣♣ ####
#....# #.# ###♣♣♣♣♣
#..###### #.#
#.......# # #.#
##.####.###
#.######### #.# #.##.
#.........# #.# #.#..
#########.#
####.####.##.


You could see Crazy Yiuf.

Vanquished Creatures
  Robin (D:2)
  2 adders (D:2)
  3 dart slugs
  A leopard gecko (D:2)
  3 giant cockroaches (D:1)
  12 goblins
  11 hobgoblins
  4 jackals (D:1)
  6 kobolds
  2 quokkas
  4 bats
  5 frilled lizards
  6 rats (D:2)
  A plant (D:2)
61 creatures vanquished.

Vanquished Creatures (others)
  A kobold (D:2)
1 creature vanquished.

Grand Total: 62 creatures vanquished

Notes
Turn   | Place    | Note
-------+----------+-------------------------------------------
     0 | D:1      | KristoblXynda the Draconian Gladiator began the quest for the Orb.
     0 | D:1      | Reached XP level 1. HP: 17/17 MP: 1/1
   111 | D:1      | Reached XP level 2. HP: 22/24 MP: 2/2
   571 | D:2      | Reached XP level 3. HP: 29/29 MP: 3/3
   703 | D:2      | Reached skill level 4 in Long Blades
  1064 | D:2      | Reached XP level 4. HP: 34/36 MP: 4/4
  1079 | D:2      | Noticed Robin
  1343 | D:2      | Killed Robin
  1570 | D:2      | Found a runed door.
  1574 | D:2      | Noticed Crazy Yiuf
  1581 | D:2      | Slain by Crazy Yiuf

Vault maps used:
D:1:      dpeg_arrival_connections
D:2:      grunt_ministairs_3, hex_tiny, serial_bayou_lagoon_a, uniq_robin,
          uniq_crazy_yiuf_cottage

Skill      XL: |  1  2  3 |
---------------+----------+-----
Throwing       | 2 |  2.0
Dodging        | 3 |  3.3
Long Blades    | 4 |  4.7
Fighting       | |  2.1

Action                   |  1- 3 |  4- 6 || total
-------------------------+-------+-------++-------
Melee: Long sword        |   145 |    36 ||   181
       Tailslap          |    19 |     7 ||    26
Throw: Throwing net      |       |     1 ||     1
  Use: Scroll            |       |     2 ||     2
 Stab: Sleeping          |     2 |       ||     2
       Held in net/web   |       |     1 ||     1
  Eat: Chunk             |     1 |     1 ||     2
Armor: Skin              |    42 |    12 ||    54
Dodge: Dodged            |   110 |    36 ||   146
       Rpst.: Long sword |    36 |    15 ||    51

Table legend:
 A = Spawn XP
 B = Non-spawn XP
 C = Spawn XP percentage of total XP
 D = Spawn monster count
 E = Non-spawn monster count
 F = Spawn count percentage of total count
 G = Total turns spent on level
                    A         B        C        D         E        F      G
               +---------+---------+-------+---------+---------+-------+---------
         Total |       0 |     145 |   0.0 |       0 |      60 |   0.0 |  1581
               +---------+---------+-------+---------+---------+-------+---------
           D:1 |       0 |      54 |   0.0 |       0 |      27 |   0.0 |   818
           D:2 |       0 |      91 |   0.0 |       0 |      33 |   0.0 |   763
               +---------+---------+-------+---------+---------+-------+---------
